 Dungeon Crawl Stone Soup version 0.17-a0-18-gc25b939 (webtiles) character file.

45 JacquesDerrida the Caller (level 3, -8/24 HPs)
             Began as a Merfolk Summoner on Mar 7, 2015.
             Killed by nerve-wracking pain
             ... invoked by Grinder
              (11 damage)
             ... on level 3 of the Dungeon.
             The game lasted 00:04:22 (864 turns).

JacquesDerrida the Caller (Merfolk Summoner)         Turns: 864, Time: 00:04:22

Health: -8/24      AC:  2    Str: 13      XL:     3   Next: 64%
Magic:  3/6        EV: 23    Int: 14 (15) God:
Gold:   111        SH:  0    Dex: 19      Spells: 2 memorised, 1 level left

rFire  . . .     SeeInvis .     a - +0 trident
rCold  . . .     Clarity  +     h - +0 robe
rNeg   . . .     SustAb   .     (no shield)
rPois  .         Gourm    .     (no helmet)
rElec  .         Spirit   .     (no cloak)
rCorr  .         Warding  .     (no gloves)
rMut   .         Stasis   .     (no boots)
MR     .....                    s - amulet of clarity
Stlth  +++.......               (no ring)
                                q - +5 ring of evasion

@: mighty, agile, not resistant to hostile enchantments, fairly stealthy
A: change form in water, swift swim
a: no special abilities


You were on level 3 of the Dungeon.
You were not hungry.

You visited 1 branch of the dungeon, and saw 3 of its levels.

You collected 111 gold pieces.

Inventory:

Hand weapons
 a - a +0 trident (weapon)
 e - a +0 hunting sling
Missiles
 f - 25 stones (quivered)
Armour
 h - a +0 robe (worn)
Jewellery
 q - a +5 ring of evasion (left hand)
 s - an amulet of clarity (around neck)
Potions
 m - 2 potions of agility
Books
 b - a book of Callings

   Spells                             Type                      Level
   a - Summon Small Mammal            Summoning                    1
   b - Call Imp                       Summoning                    2
   c - Call Canine Familiar           Summoning                    3
   d - Summon Guardian Golem          Hexes/Summoning              4
   e - Summon Lightning Spire         Summoning/Air                4
   f - Summon Ice Beast               Ice/Summoning                4
Comestibles
 c - 3 bread rations
 g - a meat ration
 r - a chunk of flesh


   Skills:
 + Level 2.2 Polearms
 - Level 2.6 Dodging
 - Level 2.1 Stealth
 - Level 2.0 Spellcasting
 + Level 4.9 Summonings


You had one spell level left.
You knew the following spells:

 Your Spells              Type           Power        Failure   Level  Hunger
b - Call Imp              Summ           ###.....     6%          2    ###....
c - Call Canine Familiar  Summ           ###.....     12%         3    ####...


Dungeon Overview and Level Annotations

Branches:
Dungeon (3/15)

Altars:

Annotations:
D:3 Grinder


Message History

You closely miss Grinder. Grinder misses you.
You hit Grinder but do no damage.
Your crimson imp blinks!
Grinder hits you.
You writhe in agony.
Drink which item? (? for menu, Esc to quit)
It was a potion of might.
You feel very mighty all of a sudden. Grinder misses you.
You puncture Grinder!
Grinder is moderately wounded.
Grinder hits you!
You writhe in agony.
* * * LOW HITPOINT WARNING * * *
Your crimson imp blinks!
Drink which item? (? for menu, Esc to quit)
It was a potion of degeneration.
There was something very wrong with that liquid.
You feel dopey. Grinder gestures at you. Pain shoots through your body!
You die...

. .. .###
....
######..####
#..@5......#
##.##5.......
#..# .....##
#### ##..##
.... .## #


You could see Grinder and a friendly crimson imp.

Vanquished Creatures
  An adder (D:2)
  A worm (D:2)
  A giant gecko (D:2)
  4 bats
  A giant cockroach (D:1)
  5 goblins
  2 hobgoblins
  5 kobolds
  3 giant newts
  2 rats
25 creatures vanquished.

Vanquished Creatures (collateral kills)
  A giant gecko (D:1)
  A bat (D:2)
  A giant cockroach (D:2)
  3 jackals (D:2)
6 creatures vanquished.

Vanquished Creatures (others)
  A hound (D:3)
  A bat (D:2)
  5 rats (D:2)
7 creatures vanquished.

Grand Total: 38 creatures vanquished

Notes
Turn   | Place    | Note
--------------------------------------------------------------
     0 | D:1      | JacquesDerrida, the Merfolk Summoner, began the quest for the Orb.
     0 | D:1      | Reached XP level 1. HP: 13/13 MP: 3/3
    25 | D:1      | You fall through a shaft!
   236 | D:2      | Reached XP level 2. HP: 10/19 MP: 4/4
   249 | D:2      | Learned a level 2 spell: Call Imp
   384 | D:2      | Reached skill level 1 in Polearms
   384 | D:2      | Reached XP level 3. HP: 11/24 MP: 1/6
   461 | D:2      | Learned a level 3 spell: Call Canine Familiar
   844 | D:3      | Noticed Grinder
   864 | D:3      | Killed from afar by Grinder

Action                   || total
-------------------------++-------
Melee: Unarmed           ||     8
       Trident           ||    65
 Fire: Hunting sling     ||    19
 Cast: Summon Small Mamm ||    11
       Call Imp          ||     5
       Call Canine Famil ||     4
  Use: Scroll            ||     8
       Potion            ||     3
 Stab: Sleeping          ||     2
  Eat: Chunk             ||     1
